 Dungeon Crawl Stone Soup version 0.19.0-19-g8c6edcc (webtiles) character file.

652 Chiseanne the Ducker (level 7, -9/36 HPs)
             Began as a Spriggan Monk on Nov 13, 2016.
             Was a Priest of Makhleb.
             Killed by divine providence
             ... invoked by an orc priest
              (14 damage)
             ... on level 5 of the Dungeon.
             The game lasted 00:13:23 (5178 turns).

Chiseanne the Ducker (Spriggan Monk)                Turns: 5178, Time: 00:13:24

Health: -9/36      AC:  4    Str:  7    XL:     7   Next: 28%
Magic:  9/9        EV: 24    Int: 12    God:    Makhleb [***...]
Gold:   319        SH: 11    Dex: 25    Spells: 0 memorised, 6 levels left

rFire  . . .     SeeInvis +     a - +2 falchion (holy)
rCold  . . .     Gourm    .     b - +0 robe
rNeg   . . .     Faith    .     q - +0 buckler
rPois  .         Spirit   .     (helmet restricted)
rElec  .         Reflect  +     x - +1 cloak "Xuaxackuthat" {Dex+5}
rCorr  .         Harm     .     (gloves unavailable)
MR     +....                    (boots unavailable)
Stlth  ++++......               j - +3 amulet of reflection
                                m - ring of wizardry
                                (no ring)

@: very quick
A: unfitting armour, horns 1, see invisible, herbivore 3, speed 3, slow
metabolism 2
a: Minor Destruction, Lesser Servant of Makhleb, Renounce Religion


You were on level 5 of the Dungeon.
You worshipped Makhleb.
Makhleb was most pleased with you.
You were not hungry.

You visited 1 branch of the dungeon, and saw 5 of its levels.

You collected 319 gold pieces.

Inventory:

Hand Weapons
 a - a +2 falchion of holy wrath (weapon)
 f - a +0 scimitar
Missiles
 d - 185 stones
 i - a throwing net {!*}
 o - 6 tomahawks (quivered)
 s - 61 sling bullets
Armour
 b - a +0 robe (worn)
 q - a +0 buckler (worn)
 x - the +1 cloak "Xuaxackuthat" (worn) {Dex+5}
   (You found it on level 5 of the Dungeon)

   It affects your dexterity (+5).
Jewellery
 j - a +3 amulet of reflection (around neck)
 k - an uncursed ring of flight
 m - a ring of wizardry (right hand)
Wands
 v - a wand of random effects (31/48)
Scrolls
 e - a scroll of blinking
 g - a scroll of enchant armour {unknown}
 h - 3 scrolls of magic mapping
 n - 2 scrolls of remove curse
 t - 2 scrolls of identify
 u - 3 scrolls of fear
Potions
 l - a potion of haste
 r - 2 potions of magic
 w - a potion of flight
Comestibles
 c - 5 bread rations
 p - 9 fruits


   Skills:
 - Level 3.4 Fighting
   Level 3.2(3.7) Short Blades
 * Level 1.9(2.5) Long Blades
 + Level 7.0 Dodging
 - Level 5.4 Stealth
 * Level 2.5 Shields
 + Level 2.6 Invocations


You had 6 spell levels left.
You didn't know any spells.

Dungeon Overview and Level Annotations

Branches:
Dungeon (5/15)             Temple (0/1) D:5

Altars:
Elyvilon
Makhleb
Nemelex Xobeh

Annotations:
D:3 dobroeutro's ghost, amateur FoFi


Innate Abilities, Weirdness & Mutations

You are very small and have problems with some larger weapons.
You are too small for most types of armour.
You have supernaturally acute eyesight. (SInv)
You are a herbivore.
You cover ground extremely quickly.
You need consume almost no food.
You have a pair of small horns on your head.


Message History

You hit the orc priest but do no damage.
Your headbutt misses the orc priest.
The orc priest is moderately wounded.
You hit the orc priest.
The orc priest is moderately wounded.
You block the orc priest's attack.
You closely miss the orc priest.
The orc priest is moderately wounded.
The orc priest calls down the wrath of Beogh upon you.
Pain shoots through your body!
You hit the orc priest.
The orc priest is severely wounded.
The orc priest mumbles some strange prayers to Beogh against you.
Pain shoots through your body!
* * * LOW HITPOINT WARNING * * *
You closely miss the orc priest.
The orc priest is severely wounded.
The orc priest invokes the aid of Beogh against you.
Beogh smites you!
You die...

....##########†#######
###.# #.## ....# #..#
##### ##.# # #.# # #.#
###############.#########
................)o.......
##########..)...@###.....
#......)# ... #.......# .
##### #.....).# ....##
#######.## .....# #..#
.....# ##.## .....# #..#
#...## ##.##


You could see an orc priest.

Vanquished Creatures
  A phantom (D:5)
  An ogre (D:3)
  A scorpion (D:5)
  2 howler monkeys
  A hound (D:5)
  An orc priest (D:3)
  2 orc wizards
  A hound zombie (D:5)
  A hound skeleton (D:4)
  4 adders
  An ooze (D:4)
  3 worms
  4 dart slugs
  7 leopard geckos
  21 orcs
  4 giant cockroaches
  5 goblins
  6 hobgoblins
  4 jackals (D:1)
  7 kobolds
  A quokka (D:4)
  3 ball pythons
  10 bats
  3 frilled lizards
  4 rats
98 creatures vanquished.

Vanquished Creatures (collateral kills)
  An ogre (D:5)
1 creature vanquished.

Grand Total: 99 creatures vanquished

Notes
Turn   | Place    | Note
-------+----------+-------------------------------------------
     0 | D:1      | Chiseanne the Spriggan Monk began the quest for the Orb.
     0 | D:1      | Reached XP level 1. HP: 11/11 MP: 2/2
   184 | D:1      | Reached XP level 2. HP: 16/16 MP: 3/3
   663 | D:1      | Reached skill level 5 in Dodging
   808 | D:1      | Reached XP level 3. HP: 19/19 MP: 4/4
  1357 | D:2      | Reached skill level 5 in Stealth
  1666 | D:2      | Reached XP level 4. HP: 20/23 MP: 5/5
  1845 | D:2      | Found a faded altar of an unknown god.
  2187 | D:2      | Became a worshipper of Makhleb the Destroyer
  2187 | D:2      | Reached * piety under Makhleb
  2187 | D:2      | Reached ** piety under Makhleb
  2231 | D:3      | Noticed dobroeutro's ghost (amateur FoFi)
  2276 | D:3      | Found a sparkling altar of Nemelex Xobeh.
  2309 | D:3      | Noticed an ogre
  2784 | D:3      | Killed an ogre
  2784 | D:3      | Reached skill level 6 in Dodging
  2784 | D:3      | Reached skill level 1 in Shields
  2784 | D:3      | Reached skill level 1 in Invocations
  2784 | D:3      | Reached XP level 5. HP: 27/27 MP: 5/7
  3254 | D:3      | Gained mutation: You have a pair of small horns on your head. [potion of beneficial mutation]
  3477 | D:3      | Reached XP level 6. HP: 21/32 MP: 8/8
  3603 | D:3      | Reached *** piety under Makhleb
  4475 | D:4      | Found a white marble altar of Elyvilon.
  4486 | D:5      | Entered Level 5 of the Dungeon
  4504 | D:5      | Found a staircase to the Ecumenical Temple.
  4575 | D:5      | Reached skill level 1 in Long Blades
  4595 | D:5      | Reached XP level 7. HP: 36/36 MP: 9/9
  4719 | D:5      | Reached skill level 7 in Dodging
  4737 | D:5      | Got a pitted cloak
  4740 | D:5      | Identified the +1 cloak "Xuaxackuthat" {Dex+5} (You found it on level 5 of the Dungeon)
  5178 | D:5      | Killed from afar by an orc priest

Skill      XL: |  1  2  3  4  5  6  7 |
---------------+----------------------+-----
Stealth        | 4 5 |  5.4
Dodging        | 5 6 7 |  7.0
Shields        | 1 2 |  2.5
Invocations    | 1 2 |  2.6
Fighting       | 3 |  3.4
Long Blades    | 1 |  1.9
Short Blades   | |  3.2

Action                   |  1- 3 |  4- 6 |  7- 9 || total
-------------------------+-------+-------+-------++-------
Melee: Short sword       |   141 |   154 |       ||   295
       Headbutt          |       |    32 |     8 ||    40
       Falchion          |       |    80 |    48 ||   128
Throw: Stone             |       |     4 |       ||     4
Invok: Minor Destruction |       |     1 |       ||     1
       Lesser Servant of |       |       |     1 ||     1
  Use: Potion            |     1 |     2 |       ||     3
       Scroll            |     6 |     9 |     1 ||    16
 Stab: Sleeping          |    12 |     9 |     1 ||    22
  Eat: Bread ration      |       |     1 |       ||     1
Armor: Robe              |    17 |     8 |       ||    25
Dodge: Dodged            |   112 |   140 |    24 ||   276
Block: Buckler           |       |    86 |    24 ||   110
       Reflection        |       |     1 |       ||     1
       Rpst.: Falchion   |       |    19 |    10 ||    29
